 Dungeon Sprint DCSS version 0.30.1-11-g7821555f0a (webtiles) character file.

Game seed: 17245228119919473593

116 Heoruswealwe the Spear-Bearer (level 4, -5/45 HPs)
             Began as a Minotaur Fighter on Jan 4, 2024.
             Was an Initiate of Gozag.
             Killed from afar by a steam dragon (12 damage)
             ... with a ball of steam
             ... in the Dungeon (Sprint IX: "|||||||||||||||||||||||||||||").
             The game lasted 00:01:00 (129 turns).

Heoruswealwe the Spear-Bearer (Minotaur Fighter)     Turns: 129, Time: 00:01:00

Health: -5/45      AC:  7    Str: 22    XL:     4   Next: 69%
Magic:  3/3        EV:  9    Int:  5    God:    Gozag
Gold:   0          SH:  4    Dex: 10    Spells: 3/3 levels left

rFire   . . .        a - +0 trident
rCold   . . .        d - +0 buckler
rNeg    . . .        c - +0 scale mail
rPois   .            (helmet restricted)
rElec   .            (no cloak)
rCorr   .            (no gloves)
SInv    .            (no boots)
Will    .....        (no amulet) Stlth
                     (no ring)
HPRegen 0.27/turn    (no ring)
MPRegen 0.08/turn

%: no teleportation
@: gold aura
A: horns 2, retaliatory headbutt
a: Renounce Religion, Potion Petition, Call Merchant, Bribe Branch


You were in the Dungeon.
You worshipped Gozag.
Gozag was noncommittal.
You visited 1 branch

Inventory:

Hand Weapons
 a - a +0 trident (weapon)
Armour
 c - a +0 scale mail (worn)
 d - a +0 buckler (worn)
Jewellery
 k - a +3 ring of intelligence
 l - a +2 ring of protection
Wands
 h - a wand of roots (10)
Scrolls
 j - 2 scrolls of blinking
Potions
 b - a potion of might
 e - 5 potions of curing
 f - 3 potions of heal wounds
 g - a potion of haste
 i - a potion of berserk rage


   Skills:
 + Level 6.7 Fighting
 * Level 8.3 Polearms
 + Level 6.6 Armour
 - Level 3.6 Shields


You had 3 spell levels left.
You didn't know any spells.
Your spell library was empty.

Dungeon Overview and Level Annotations

Branches:
Dungeon (1/1)

Altars:
Cheibriados
Dithmenos
Elyvilon
Fedhas
Gozag
Hepliaklqana
Kikubaaqudgha
Makhleb
Nemelex Xobeh
Okawaru
Qazlal
Ru
Sif Muna
Trog
Uskayaw
Vehumet
Wu Jian
Xom
Yredelemnul
Zin
The Shining One
Jiyva
Lugonu


Innate Abilities, Weirdness & Mutations

You have a pair of horns on your head.
You reflexively headbutt those who attack you in melee.


Message History

The shadow is heavily damaged.
The shadow barely misses you. You furiously retaliate!
You headbutt the shadow. You barely miss the shadow.
The shadow is heavily damaged.
The shadow slips into darkness.
The shadow flickers and vanishes!
You miss something.
The shadow strikes at you from the darkness!
Reactivating autopickup.
You barely miss the shadow.
The shadow is heavily damaged.
The shadow slips into darkness.
The shadow flickers and vanishes!
Deactivating autopickup; reactivate with Ctrl-A.
You miss something. The steam dragon breathes steam at you.
The ball of steam hits something.
The ball of steam hits you!
Reactivating autopickup.
You feel a bit more experienced.
Your Fighting skill increases to level 6!
Your Polearms skill gained 2 levels and is now at level 8!
Your Armour skill increases to level 6!
You have reached level 4!
You feel agile.
You are engulfed in a cloud of scalding steam.
* * * LOW HITPOINT WARNING * * *
The steam dragon bites you but does no damage.
You block the steam dragon's attack.
There is an open door to the Dungeon here.
You see here 72 gold pieces.
You closely miss the steam dragon.
You headbutt the steam dragon, but do no damage.
The steam dragon bites you.
* * * LOW HITPOINT WARNING * * *
The steam dragon barely misses you.
You barely miss the steam dragon. The steam dragon breathes steam at you.
The ball of steam hits you!
You die...
Your body crumbles into a pile of gold.

$
▓?▓
$
▓)▓
$
▓.▓
▓[▓
$
▓[▓
▓§▓
$
▓§▓
$
▓.▓
$ $
▓@▓
▓D▓
$ $
▓Y▓
$
▓o▓
$ $
▓W▓
$
▓{▓
$
▓.▓
▓+▓


You could see a yak, a wraith, a steam dragon (catching breath) and an orc
wizard.

Vanquished Creatures
  A hound (D)
  3 orcs (D)
  A ball python (D)
  A bat (D)
  An endoplasm (D)
  A hobgoblin (D)
  2 quokkas (D)
10 creatures vanquished.

Vanquished Creatures (others)
  A shadow (D)
1 creature vanquished.

Grand Total: 11 creatures vanquished

Notes
Turn   | Place    | Note
-------+----------+-------------------------------------------
     0 | D        | Heoruswealwe the Minotaur Fighter began the quest for the
                  | Orb.
     0 | D        | Reached XP level 1. HP: 19/19 MP: 0/0
    11 | D        | Reached skill level 3 in Polearms
    19 | D        | Reached skill level 4 in Polearms
    50 | D        | Noticed a hound
    52 | D        | Reached XP level 2. HP: 28/28 MP: 1/1
    63 | D        | Reached skill level 5 in Fighting
    63 | D        | Reached skill level 6 in Polearms
    63 | D        | Reached skill level 5 in Armour
    63 | D        | Reached XP level 3. HP: 34/36 MP: 2/2
    70 | D        | Found a snail-covered altar of Cheibriados.
    70 | D        | Found a shadowy altar of Dithmenos.
    70 | D        | Found a white marble altar of Elyvilon.
    70 | D        | Found a blossoming altar of Fedhas.
    70 | D        | Found an opulent altar of Gozag.
    71 | D        | Found a hazy altar of Hepliaklqana.
    72 | D        | Found a viscous altar of Jiyva.
    73 | D        | Found an ancient bone altar of Kikubaaqudgha.
    74 | D        | Found a corrupted altar of Lugonu.
    75 | D        | Found a burning altar of Makhleb.
    76 | D        | Found a sparkling altar of Nemelex Xobeh.
    77 | D        | Found an iron altar of Okawaru.
    78 | D        | Became a worshipper of Gozag Ym Sagoz the Greedy
    79 | D        | Found a stormy altar of Qazlal.
    80 | D        | Found a sacrificial altar of Ru.
    81 | D        | Found a shimmering blue altar of Sif Muna.
    82 | D        | Found a bloodstained altar of Trog.
    83 | D        | Found a hide-covered altar of Uskayaw.
    84 | D        | Found a radiant altar of Vehumet.
    85 | D        | Found an ornate altar of the Wu Jian Council.
    86 | D        | Found a shimmering altar of Xom.
    87 | D        | Found a basalt altar of Yredelemnul.
    88 | D        | Found a glowing silver altar of Zin.
    89 | D        | Found a glowing golden altar of the Shining One.
   113 | D        | Noticed a shadow
   113 | D        | Noticed a steam dragon
   113 | D        | Noticed a yak
   113 | D        | Noticed a wraith
   113 | D        | Noticed a vampire
   126 | D        | Killed a shadow
   127 | D        | Reached skill level 8 in Polearms
   127 | D        | Reached XP level 4. HP: 17/45 MP: 3/3
   129 | D        | Killed from afar by a steam dragon

Illustrated notes

Levels and vault maps discovered:
D:        linesprint [early_d, line_temple, items_1, d_10, items_2, lair_1,
          lair_end, items_3, orc_1, orc_end, items_4, d_15, swamp_1, shoals_1,
          snake_1, spider_1, d_20, vaults_1, items_5, swamp_end, shoals_end,
          snake_end, spider_end, vaults_end, d_27, items_6, zot_1, zot_end,
          crypt_end, forest_end, elf_end, slime_end, tomb_end, abyss_end,
          pan_hell_end]

Skill      XL: |  1  2  3 |
---------------+----------+-----
Polearms       | 4 6 8 |  8.3
Fighting       | 4 5 6 |  6.7
Armour         | 4 5 6 |  6.6
Shields        | |  3.6

Action                     |  1- 3 |  4- 6 || total
---------------------------+-------+-------++-------
  Melee: Trident           |    38 |     2 ||    40
         Headbutt          |     5 |     1 ||     6
 Armour: Scale mail        |    15 |     1 ||    16
  Dodge: Dodged            |    13 |     1 ||    14
  Block: Buckler           |     7 |     1 ||     8
